Map: Proxima Station LE

Players

Adonixx - Winner!

  • Race: Zerg Zerg
  • League: Diamond
  • Spawn Location: 1:00

Scarlett

  • Race: Protoss Protoss
  • League: Diamond
  • Spawn Location: 7:00

VOD

Have the link to the VOD?

Description

Time

  • Played on: May 22, 2017, 2:01 p.m.
  • Length: 24:09
Show
View Real Time Build Order
Export as new Build Order

Adonixx Zerg - Winner!

Build Orders: Hatch First 

Get SALT Encoding   

  12  0:02  Drone  
  13  0:09  Drone  
  14  0:32  Overlord  
  14  0:50  Drone x3  
  17  1:01  Hatchery  
  16  1:10  Drone  
  17  1:11  Extractor  
  16  1:23  Drone x2  
  18  1:37  Drone  
  19  1:44  Spawning Pool, Drone  
  19  2:01  Drone  
  19  2:06  Drone  
  21  2:17  Drone x2  
  23  2:27  Drone  
  24  2:31  Metabolic Boost  
  24  2:34  Drone  
  25  2:37  Queen  
  25  2:43  Drone  
  28  2:57  Overlord  
  28  3:14  Lair, Queen  
  30  3:20  Drone x3  
  30  3:21  Drone x3  
  36  3:41  Overlord  
  36  3:42  Overlord  
  36  3:44  Hatchery  
  35  4:13  Drone  
  35  4:17  Overseer, Extractor  
  35  4:26  Overseer  
  35  4:28  Overseer  
  35  4:30  Drone x2  
  35  4:31  Drone x4  
  41  4:32  Drone x3  
  44  4:38  Infestation Pit  
  44  4:42  Evolution Chamber x2  
  44  4:43  Drone x2  
  43  5:20  Zerg Missile Weapons Level 1  
  43  5:24  Hydralisk Den  
  42  5:33  Spore Crawler  
  42  5:35  Spore Crawler  
  40  5:43  Zergling x6  
  40  5:49  Drone x5  
  48  5:50  Pathogen Glands  
  48  5:52  Overlord x2  
  48  5:58  Drone x4  
  48  5:59  Queen, Drone x4  
  58  6:04  Extractor  
  58  6:05  Extractor  
  56  6:17  Overseer  
  56  6:19  Pneumatized Carapace  
  56  6:22  Spore Crawler  
  55  6:31  Drone x3  
  55  6:32  Drone x2  
  59  6:33  Drone  
  47  6:49  Spore Crawler  
  47  6:50  Spore Crawler  
  40  6:56  Drone x11  
  51  7:03  Spore Crawler  
  50  7:09  Spore Crawler  
  50  7:10  Spore Crawler, Neural Parasite  
  50  7:12  Drone x3  
  51  7:22  Drone x3  
  54  7:23  Drone x5  
  59  7:44  Extractor x2  
  59  7:45  Zerg Missile Weapons Level 2  
  59  7:46  Zerg Ground Armor Level 1  
  57  7:57  Drone x6  
  63  7:58  Overlord x2  
  63  8:04  Muscular Augments  
  63  8:06  Drone  
  63  8:07  Drone x2  
  67  8:12  Drone  
  67  8:13  Drone x2  
  69  8:25  Infestor x2  
  63  8:30  Spore Crawler  
  63  8:31  Spore Crawler  
  63  8:32  Spore Crawler  
  57  8:34  Drone x3  
  57  8:35  Drone  
  57  8:40  Hydralisk  
  57  8:41  Hydralisk x4  
  71  8:50  Hatchery  
  70  9:07  Burrow, Infestor  
  72  9:15  Drone x2  
  72  9:16  Drone  
  75  9:35  Overlord  
  54  9:53  Hydralisk  
  54  9:54  Hydralisk x7  
  65  10:01  Infestor  
  67  10:08  Hatchery  
  67  10:09  Drone  
  67  10:10  Drone x3  
  70  10:27  Infestor x2  
  74  10:28  Spore Crawler  
  74  10:29  Spore Crawler  
  74  10:32  Spore Crawler  
  71  10:36  Drone  
  72  11:05  Hydralisk x10  
  84  11:38  Infestor x3  
  80  11:41  Drone x5  
  85  11:51  Infestor  
  87  12:10  Infestor x2  
  91  12:16  Hatchery  
  90  12:23  Spore Crawler x2  
  90  12:24  Spore Crawler  
  87  12:53  Hydralisk  
  87  12:54  Hydralisk x4  
  87  12:57  Zergling x2  
  98  12:58  Overlord x2  
  98  12:59  Overlord x2  
  98  13:19  Spore Crawler  
  95  13:26  Infestor x4  
  103  13:28  Hydralisk x8  
  103  13:31  Drone  
  120  13:51  Extractor  
  120  13:54  Extractor  
  114  14:09  Overlord x2  
  114  14:10  Overlord x3  
  114  14:27  Queen  
  114  14:29  Queen  
  117  14:34  Spore Crawler  
  116  14:42  Zerg Ground Armor Level 2  
  116  14:43  Zerg Melee Weapons Level 1  
  116  14:44  Spire x2, Drone x3  
  116  14:45  Drone  
  118  14:46  Drone x3  
  121  14:54  Overseer x3  
  121  14:58  Drone x2  
  123  15:04  Drone x3  
  104  15:58  Drone  
  104  16:01  Zerg Flyer Armor Level 1, Zerg Flyer Weapons Level 1  
  104  16:03  Drone  
  104  16:04  Drone x6  
  108  16:05  Drone x6  
  118  16:19  Hatchery, Extractor  
  116  16:27  Extractor  
  115  16:33  Hydralisk  
  115  16:34  Hydralisk x8  
  133  16:57  Hatchery, Extractor  
  133  17:00  Extractor  
  130  17:02  Corruptor x3  
  136  17:10  Overseer  
  136  17:11  Overlord x5  
  136  17:18  Overseer  
  136  17:28  Overlord  
  136  17:29  Overlord x4  
  136  17:31  Drone  
  136  17:44  Hatchery  
  136  17:49  Infestor x4  
  136  17:50  Infestor  
  145  17:51  Corruptor  
  145  17:56  Extractor  
  145  17:58  Extractor  
  143  18:16  Corruptor x5  
  147  18:32  Zergling x8  
  150  18:34  Zergling x4  
  151  19:12  Hatchery  
  150  19:30  Zergling x6  
  150  19:31  Zergling x12  
  156  19:32  Zergling x14  
  161  19:47  Zergling x6  
  161  19:48  Zergling x6  
  161  19:49  Zergling x2  
  167  19:53  Drone  
  168  20:16  Drone x3  
  165  20:51  Hatchery  
  164  20:57  Drone x2  
  166  21:06  Overseer  
  159  22:12  Hatchery, Corruptor x5  
  159  22:13  Extractor  
  167  22:16  Drone  
  167  22:17  Drone x2  
  167  22:18  Drone  
  171  22:29  Hatchery  
  170  22:35  Overseer x3  
  166  22:50  Hatchery  
  158  23:14  Drone x4  
  158  23:15  Drone x6  
  168  23:39  Hatchery  
  167  23:43  Extractor  
Show
View Real Time Build Order
Export as new Build Order

Scarlett Protoss 

Build Orders: Forge Fast Expand (FFE) 

Get SALT Encoding   

  12  0:01  Probe (Chrono Boost)  
  13  0:12  Probe (Chrono Boost)  
  14  0:22  Probe (Chrono Boost)  
  15  0:29  Pylon  
  15  0:47  Probe (Chrono Boost)  
  16  0:51  Forge  
  16  0:58  Probe (Chrono Boost)  
  17  1:13  Probe (Chrono Boost)  
  18  1:24  Probe (Chrono Boost)  
  19  1:32  Nexus  
  19  1:44  Probe (Chrono Boost)  
  19  1:45  Assimilator  
  20  1:48  Pylon  
  20  1:49  Assimilator  
  19  2:06  Probe (Chrono Boost)  
  20  2:13  Gateway  
  20  2:15  Photon Cannon  
  20  2:16  Probe (Chrono Boost)  
  21  2:27  Probe (Chrono Boost)  
  22  2:39  Nexus  
  22  2:42  Probe (Chrono Boost)  
  23  2:46  Probe (Chrono Boost)  
  24  2:55  Assimilator  
  24  3:00  Assimilator  
  24  3:01  Probe (Chrono Boost)  
  25  3:11  Probe (Chrono Boost)  
  26  3:19  Cybernetics Core  
  26  3:22  Probe (Chrono Boost)  
  26  3:24  Probe (Chrono Boost)  
  28  3:32  Probe (Chrono Boost)  
  29  3:35  Probe (Chrono Boost)  
  30  3:42  Assimilator  
  30  3:43  Probe (Chrono Boost)  
  30  3:44  Assimilator  
  30  3:45  Probe (Chrono Boost)  
  32  3:51  Probe (Chrono Boost)  
  32  3:53  Probe (Chrono Boost)  
  34  3:56  Probe (Chrono Boost)  
  34  3:57  Pylon  
  34  4:02  Probe (Chrono Boost)  
  36  4:04  Probe (Chrono Boost)  
  37  4:15  Probe (Chrono Boost)  
  38  4:17  Stargate  
  38  4:22  Stargate  
  38  4:30  Stargate  
  38  4:39  Stargate  
  38  4:41  Probe (Chrono Boost)  
  38  4:44  Probe (Chrono Boost)  
  40  4:47  Probe (Chrono Boost)  
  41  4:57  Mothership Core (Chrono Boost), Probe (Chrono Boost)  
  44  5:08  Probe (Chrono Boost)  
  45  5:14  Oracle x2  
  45  5:15  Probe (Chrono Boost)  
  52  5:22  Probe (Chrono Boost)  
  52  5:24  Oracle  
  56  5:30  Oracle  
  59  5:37  Photon Cannon  
  59  5:42  Photon Cannon  
  59  6:07  Pylon  
  59  6:11  Pylon  
  59  6:24  Oracle x2  
  59  6:25  Oracle  
  68  6:26  Pylon  
  68  6:27  Pylon  
  68  6:28  Pylon  
  65  6:55  Oracle  
  65  7:00  Photon Cannon, Oracle x2  
  75  7:01  Photon Cannon, Probe (Chrono Boost)  
  75  7:02  Probe (Chrono Boost)  
  76  7:12  Probe (Chrono Boost)  
  76  7:13  Oracle  
  80  7:17  Probe (Chrono Boost)  
  80  7:21  Probe (Chrono Boost)  
  80  7:22  Probe (Chrono Boost)  
  83  7:36  Oracle  
  89  7:44  Fleet Beacon  
  89  7:46  Oracle  
  89  7:49  Oracle  
  92  7:59  Oracle  
  92  8:05  Pylon  
  104  8:41  Carrier  
  104  8:42  Carrier  
  104  8:44  Graviton Catapult  
  107  8:49  Pylon  
  107  8:52  Pylon  
  107  9:02  Pylon  
  107  9:05  Pylon  
  107  9:07  Carrier  
  113  9:10  Carrier  
  116  10:08  Carrier x2  
  116  10:10  Anion Pulse-Crystals  
  116  10:13  Pylon  
  128  10:15  Photon Cannon  
  128  10:16  Probe (Chrono Boost)  
  128  10:18  Photon Cannon, Probe (Chrono Boost)  
  130  10:26  Probe (Chrono Boost)  
  131  10:32  Carrier  
  131  10:34  Pylon  
  137  10:36  Carrier  
  116  11:41  Carrier x2  
  128  11:50  Robotics Facility  
  128  11:52  Nexus, Robotics Facility  
  128  11:55  Pylon  
  128  11:58  Carrier  
  134  12:01  Carrier  
  146  12:38  Observer  
  146  12:43  Immortal, Robotics Bay  
  151  12:59  Immortal  
  155  13:06  Carrier  
  142  14:09  Tempest x3  
  136  14:21  Disruptor x2  
  142  14:32  Tempest  
  142  14:36  Assimilator  
  148  14:41  Assimilator  
  148  14:43  Photon Cannon  
  148  14:46  Photon Cannon  
  148  14:52  Tempest x3  
  166  14:53  Probe (Chrono Boost)  
  166  14:57  Observer  
  168  15:04  Probe (Chrono Boost)  
  168  15:05  Disruptor  
  173  15:14  Probe (Chrono Boost)  
  173  15:15  Tempest  
  178  15:25  Probe (Chrono Boost)  
  179  15:35  Tempest, Probe (Chrono Boost)  
  156  15:46  Probe (Chrono Boost)  
  141  15:51  Observer  
  141  15:52  Tempest  
  141  15:53  Tempest  
  141  15:56  Probe (Chrono Boost)  
  155  15:58  Tempest  
  155  15:59  Observer  
  162  16:17  Tempest, Disruptor  
  171  16:20  Disruptor  
  174  16:35  Tempest  
  177  17:18  Disruptor  
  180  18:07  Observer  
  173  19:05  Carrier  
  179  19:43  Nexus  
  179  19:44  Pylon  
  178  19:46  Pylon  
  178  19:47  Assimilator  
  178  19:49  Assimilator  
  144  21:00  Observer  
  145  21:20  Nexus  
  122  23:08  Assimilator  
  122  23:12  Assimilator  
  110  23:16  Pylon  
  110  23:18  Pylon  
  110  23:21  Pylon  
  110  23:34  Probe (Chrono Boost)  
  110  23:36  Forge  
Tags
 
Add a new tag
Caveats
  • Supply blocks, unpowered buildings, or Contaminate may cause inaccurate times.
  • Supply counts are checked every 10 seconds.